 Dungeon Crawl Stone Soup version 0.30.1-9-gdf580d7c3d (webtiles) character file.

Game seed: 17515869610518990369

124214 GeoRichter the Warrior (level 16, -7/132 (139) HPs)
             Began as a Red Draconian Fire Elementalist on Oct 5, 2023.
             Was the Champion of Ru.
             Killed by the raging water
             ... invoked by a water nymph
              (29 damage)
             ... on level 2 of the Shoals on Oct 6, 2023.
             The game lasted 00:58:31 (35035 turns).

GeoRichter the Warrior (DrFE)                      Turns: 35035, Time: 00:58:31

HP:   -7/132 (139)  AC: 14    Str: 11    XL:     16   Next: 38%
MP:   39/39         EV: 17    Int: 21    God:    Ru [******]
Gold: 261           SH: 15    Dex: 19    Spells: 19/36 levels left

rFire   + + +        a - staff of fire "Owoa" {rF+ rN+++ rCorr Int-3 Dex+8}
rCold   + + +        J - +2 shield of Resistance {rF++ rC++ Will++}
rNeg    + + +        (body armour unavailable)
rPois   .            (helmet restricted)
rElec   .            z - +1 cloak {rCorr}
rCorr   +            w - +1 pair of gloves
SInv    .            H - +0 pair of boots
Will    +++..        l - amulet of regeneration
Stlth   +            x - ring of magical power
HPRegen 1.22/turn    A - ring of protection from cold
MPRegen 0.26/turn

%: no passive effects
@: drained, unable to read, very slow
A: breathe fire, AC +9, unfitting armour, fire resistance 1, frail 1,
cold-blooded, inability to read after injury 2, inability to use devices, hated
by all, missing an eye
a: Breathe Fire, Renounce Religion, Draw Out Power, Power Leap, Apocalypse


You were on level 2 of the Shoals.
You worshipped Ru.
Ru was exalted by your worship.
You visited 5 branches of the dungeon, and saw 25 of its levels.
You also visited: Sewer and Bailey.

You collected 2530 gold pieces.
You spent 2269 gold pieces at shops.

Inventory:

Hand Weapons
 b - the +6 long sword "Cytasm" {holy, rElec rC+ rCorr Int+3}
   (You found it on level 15 of the Dungeon)

   Int:       It affects your intelligence (+3).
   rC:        It protects you from cold.
   rElec:     It insulates you from electricity.
   rCorr:     It protects you from acid and corrosion.
Missiles
 I - a curare-tipped dart {!f}
Armour
 w - a +1 pair of gloves (worn)
   (You found it on level 4 of the Lair of Beasts)
 z - a +1 cloak of preservation (worn)
   (You took it off Maurice on level 2 of the Orcish Mines)
 H - a +0 pair of boots (worn)
   (You found it on level 3 of the Lair of Beasts)
 J - the +2 shield of Resistance (worn) {rF++ rC++ Will++}
   (You bought it in a shop on level 2 of the Orcish Mines)

   rF:        It greatly protects you from fire.
   rC:        It greatly protects you from cold.
   Will:      It greatly increases your willpower.
Magical Staves
 a - the staff of fire "Owoa" (weapon) {rF+ rN+++ rCorr Int-3 Dex+8}
   (You acquired it on level 14 of the Dungeon)

   [staff of fire]

   Base accuracy: +5 Base damage: 5 Base attack delay: 1.2 This weapon's minimum
   attack delay (0.6) is reached at skill level 12.
   Int:       It affects your intelligence (-3).
   Dex:       It affects your dexterity (+8).
   rF:        It protects you from fire.
   rN:        It renders you almost immune to negative energy.
   rCorr:     It protects you from acid and corrosion.
   It falls into the 'Staves' category.
   It is a one-handed weapon.
Jewellery
 l - an amulet of regeneration (around neck)
   (You found it on level 1 of the Dungeon)
 u - an amulet of magic regeneration
   (You found it on level 5 of the Dungeon)
 x - a ring of magical power (left hand)
   (You found it on level 5 of the Dungeon)
 A - a ring of protection from cold (right hand)
   (You found it on level 5 of the Dungeon)
Scrolls
 e - 6 scrolls of fear
 f - 6 scrolls of magic mapping
 g - 4 scrolls of immolation {!r}
 h - 5 scrolls of enchant armour
 j - a scroll of identify {@r1}
 k - a scroll of fog
 o - 4 scrolls of amnesia
 p - 6 scrolls of noise {!r}
 s - 10 scrolls of teleportation {@r4}
 v - 6 scrolls of poison {!r}
 y - 6 scrolls of vulnerability {!r}
 D - a scroll of silence
 F - a scroll of brand weapon
 L - a scroll of enchant weapon
Potions
 c - 6 potions of lignification {!q}
 d - 6 potions of attraction {!q}
 i - 4 potions of might
 m - 6 potions of resistance
 q - 6 potions of flight
 r - 13 potions of curing {@q1}
 t - 2 potions of cancellation {unknown}
 B - 4 potions of mutation {!q}
 C - 5 potions of haste {@q3}
 E - 2 potions of invisibility
 G - 3 potions of heal wounds {@q2}


   Skills:
 - Level 17.0 Fighting
 - Level 10.1 Dodging
 - Level 1.7 Stealth
 * Level 13.1 Shields
 - Level 10.7 Spellcasting
 - Level 14.9 Conjurations
 - Level 10.1 Fire Magic
 - Level 8.0 Air Magic


You had 19 spell levels left.
You knew the following spells:

 Your Spells              Type           Power      Damage    Failure   Level
a - Foxfire               Conj/Fire      100%       2x1d9     1%          1
b - Scorch                Fire           100%       2d9       1%          2
c - Flame Wave            Conj/Fire      77%        2d17      1%          4
d - Arcjolt               Conj/Air       28%        1d38      3%          5
e - Freezing Cloud        Conj/Ice/Air   21%        6-21      16%         5

Your spell library contained the following spells:

 Spells                   Type           Power      Damage    Failure   Level
 Kiss of Death            Conj/Necr      100%       2d13      1%          1
 Swiftness                Air            44%        N/A       1%          3
 Iskenderun's Battlesphe  Conj           65%        2d11      1%          5
 Fireball                 Conj/Fire      38%        3d16      2%          5
 Inner Flame              Hex/Fire       48%        N/A       4%          3
 Volatile Blastmotes      Fire/Tloc      96%        2d18      4%          3
 Cigotuvi's Dreadful Rot  Necr/Pois/Air  44%        N/A       7%          2
 Vhi's Electric Charge    Tloc/Air       56%        N/A       8%          3
 Ignite Poison            Fire/Tmut/Pois 38%        N/A       11%         3
 Slow                     Hex            44%        N/A       14%         1
 Conjure Ball Lightning   Conj/Air       28%        3x3d8     19%         6
 Ensorcelled Hibernation  Hex/Ice        22%        N/A       21%         2
 Passwall                 Tmut/Erth      9%         N/A       21%         2
 Orb of Destruction       Conj           32%        9d10      26%         7
 Confusing Touch          Hex            11%        N/A       38%         3
 Vampiric Draining        Necr           11%        2d6       38%         3
 Dispel Undead            Necr           11%        3d9       80%         4
 Petrify                  Tmut/Erth      11%        N/A       80%         4
 Borgnjor's Vile Clutch   Necr/Erth      5%         N/A       98%         5
 Metabolic Englaciation   Hex/Ice        5%         N/A       98%         5
 Statue Form              Tmut/Erth      7%         N/A       100%        6
 Discord                  Hex            5%         N/A       100%        8
 Disjunction              Tloc           5%         N/A       100%        8
 Maxwell's Capacitive Co  Air            22%        ∞         100%        8
 Animate Dead             Necr           Unusable   N/A       N/A         4
 Death Channel            Necr           Unusable   N/A       N/A         6

Dungeon Overview and Level Annotations

Branches:
Dungeon (15/15) Zot: 25057  Temple (1/1) D:7 Zot: 5811    Lair (5/5) D:11 Zot: 22126
 Shoals (2/4) Lair:2 Zot: 9418  Spider (0/4) Lair:2        Slime (0/5) Lair:5
    Orc (2/2) D:12 Zot: 8950     Elf (0/3) Orc:2        Vaults (0/5) D:13
 Depths (0/4) D:15          Sewer (visited)          Bailey (visited)

Altars:
Ashenzari
Cheibriados
Dithmenos
Elyvilon
Gozag
Kikubaaqudgha
Makhleb
Nemelex Xobeh
Okawaru
Qazlal
Ru
Sif Muna
Trog
Uskayaw
Vehumet
Wu Jian
Xom
Zin
The Shining One

Shops:
D:3 (   D:12 (   D:14 !!   Orc:2 [:[(

Annotations:
Lair:5 4 runed translucent doors, Persimmon's ghost, journeyman DECj


Innate Abilities, Weirdness & Mutations

You can breathe blasts of fire.
Your fiery red scales are hard. (AC +9)
You cannot fit into any form of body armour.
Your flesh is heat resistant. (rF+)
You are frail. (-10% HP)
You are cold-blooded and may be slowed by cold attacks.
You sometimes lose the ability to read scrolls when taking damage.
You cannot study or use magical devices.
You are hated by all.
You are missing an eye, making it more difficult to aim.


Message History

The satyr plays a lulling melody on his pipes!
You fall asleep.
The faun is engulfed in a cloud of scalding steam.
The faun gestures at you while chanting.
You resist with almost no effort.
You redirect the faun's attack!
The satyr hits you but does no damage.
The faun hits you with a +0 quarterstaff!!!!
You wake up.
Ouch! That really hurt!
* * * LOW HITPOINT WARNING * * *
Blink to where?
Press: ? - help, Dir - move target
As you read the scroll of blinking, it crumbles to dust.
The faun shoots a sling bullet.
The sling bullet hits you but does no damage.
You are restored by drawing out deep reserves of power within.
You feel drained.
The faun begins to cast a spell, but is stunned by your conviction!
Casting: Flame Wave (mildly dangerous; 1% risk of failure)
Confirm with . or Enter, or press ? or * to list all spells.
Aiming: Freezing Cloud (dangerous; 16% risk of failure)
Press: ? - help, Dir - move target You redirect the faun's attack!
You feel less exhausted.
You enter the shallow water.
Moving in this stuff is going to be slow.
You hear a splash.
A water nymph comes into view.
Found 21 gold pieces.
The satyr unwields a +0 spear.
The satyr wields a +0 longbow.
The satyr shoots an arrow.
The arrow closely misses you.
Splash!
You fall into the shallow water.
Moving in this stuff is going to be slow.
The water nymph shouts!
The water nymph casts a spell at you. The water swirls and strikes you!!
You feel threatened and lose the ability to read scrolls!
* * * LOW HITPOINT WARNING * * *
You can read scrolls again.
The water nymph casts a spell at you. The water swirls and strikes you!!
You feel threatened and lose the ability to read scrolls!
* * * LOW HITPOINT WARNING * * *
The satyr shoots an arrow.
The arrow hits you!
* * * LOW HITPOINT WARNING * * *
The water nymph points at you and mumbles some strange words.
The water swirls and strikes you!!
You die...

~..~~≈≈.....####.......
~...~≈≈≈~~~~...##.....#.
~~.~~≈~~~~~~......~~~.##
~~~~~~~~~~≈~~......~~...
~~~~~~~~~~...~≈≈≈~~...~~~~...
~~~~~~~......~~~~~~~~~~~~~...
~.~$~~..##.....~≈≈≈≈~~~~~....
.~~~~m~#.~~...~≈≈≈≈≈~~~~.##.
#..~.~..~~@.~~≈≈≈≈~~~~~~.#.
#......~.~~~≈≈≈~~~~~~≈~~.~
##....#.~~~~~~~~..~~~≈≈≈≈≈≈
#..~..##~~~~..~~~.~~~~≈≈≈≈≈
#..~~....~~~...~~~†)~~~≈≈≈≈
.~~~~~~..~..~~.##.....#..~~≈≈
≈~≈≈~~~~~~..~~..##...##...~≈≈
~~~≈~~~~c~c.~............~~≈≈
..~≈~~~~~~................~≈≈


You could see a satyr, a faun and a water nymph.

Vanquished Creatures
  A kraken (Shoals:1)
  Snorg (D:14)
  3 merfolk impalers
  Josephine (Lair:5)
  Erolcha (D:11)
  3 vault guards (D:13)
  2 centaur warriors
  3 hydras
  A merfolk aquamancer (Shoals:1)
  6 boulder beetles
  An alligator snapping turtle (Shoals:2)
  A merfolk avatar (Shoals:2)
  A tengu warrior (D:15)
  6 death yaks
  5 two-headed ogres
  5 orc high priests (Orc:2)
  A golden dragon zombie (D:15)
  3 skysharks
  A goliath frog (Lair:5)
  14 skeletal warriors
  A flayed ghost (D:15)
  7 sea snakes
  An orb spider (Lair:2)
  A wizard (D:14)
  Pikel (D:9)
  A sphinx zombie (D:15)
  A deep elf pyromancer (D:12)
  2 harpies (Shoals:1)
  6 orc knights
  An oklob plant (D:11)
  A necromancer (D:15)
  5 manticores
  9 ugly things
  13 cyclopes
  8 fauns (Shoals:2)
  9 elephants
  Joseph (D:7)
  2 centaur zombies (D:11)
  3 black mambas
  A merfolk siren (Shoals:2)
  Maurice (Orc:2)
  5 water nymphs
  17 cane toads
  A torpor snail (Lair:4)
  Maggie (D:8)
  An unseen horror (D:12)
  A gargoyle (D:13)
  3 kobold demonologists
  A spriggan zombie (D:15)
  An efreet (D:15)
  2 rime drakes
  3 yaktaurs (D:15)
  9 komodo dragons
  9 trolls
  2 polar bears
  2 tyrant leeches
  3 wind drakes
  25 blink frogs
  2 merfolk
  Prince Ribbit (D:7)
  5 dream sheep
  11 slime creatures
  5 snapping turtles
  5 water elementals
  2 shadows
  A centaur simulacrum (D:15)
  A spriggan skeleton (D:15)
  12 wraiths
  2 vampires (D:11)
  57 yaks
  6 basilisks
  3 wyverns
  9 humans (D:13)
  Grum (Lair:1)
  A steam dragon (D:9)
  13 vampire mosquitoes
  2 wargs
  3 acid dragons
  11 water moccasins
  2 ice beasts
  3 black bears
  37 orc warriors
  4 sky beasts
  A swamp drake (Lair:3)
  8 ogres
  14 wolves
  7 centaurs
  A phantom (D:7)
  7 kobold brigands
  12 bullfrogs
  4 scorpions
  8 wights
  23 killer bees
  5 electric eels
  3 howler monkeys (D:9)
  A jelly (D:5)
  4 hounds
  27 orc priests
  12 iguanas
  8 orc wizards
  A gnoll (shapeshifter) (D:15)
  4 gnolls (D:8)
  6 adders
  2 river rats (Sewer)
  2 shadow imps
  4 white imps
  An ufetubus (D:6)
  A worm (D:2)
  90 orcs
  5 endoplasms
  7 giant cockroaches
  10 goblins
  6 hobgoblins
  5 jackals
  7 quokkas
  3 ball pythons
  5 bats (D:1)
  22 frilled lizards
  26 kobolds
  7 rats
  2 tentacles (Shoals:1)
781 creatures vanquished.

Vanquished Creatures (collateral kills)
  7 foxfires
7 creatures vanquished.

Vanquished Creatures (others)
  A sea snake (Shoals:1)
  A harpy (Shoals:1)
  A faun (Shoals:2)
  2 elephants
  2 cane toads
  A yaktaur (D:15)
  A dream sheep (Shoals:1)
  An acid dragon (D:10)
  A centaur (Lair:2)
  A ball python (D:3)
  A rat (D:3)
  1488 foxfires
  9 tentacles (Shoals:1)
1510 creatures vanquished.

Grand Total: 2298 creatures vanquished

Notes
Turn   | Place    | Note
-------+----------+-------------------------------------------
     0 | D:1      | GeoRichter the Draconian Fire Elementalist began the quest
                  | for the Orb.
     0 | D:1      | Reached XP level 1. HP: 14/14 MP: 3/3
   235 | D:1      | Reached XP level 2. HP: 20/20 MP: 3/5
   931 | D:1      | Reached XP level 3. HP: 26/26 MP: 2/6
  1301 | D:1      | Learned a level 2 spell: Scorch
  1976 | D:3      | Found Xites's Antique Weapon Shoppe.
  1993 | D:3      | Reached XP level 4. HP: 33/33 MP: 2/7
  3343 | D:4      | Reached XP level 5. HP: 38/38 MP: 3/8
  3347 | D:4      | Reached skill level 5 in Fire Magic
  3512 | D:4      | Noticed an ogre
  3515 | D:4      | Killed an ogre
  3663 | D:4      | Found a sparkling altar of Nemelex Xobeh.
  3973 | D:5      | Entered Level 5 of the Dungeon
  3978 | D:5      | Reached XP level 6. HP: 45/45 MP: 6/9
  4140 | D:5      | Reached skill level 1 in Fighting
  4169 | D:5      | Found a blossoming altar of Fedhas.
  4206 | D:5      | Found a glowing drain.
  4265 | Sewer    | Entered a sewer
  4363 | Sewer    | Reached skill level 2 in Fighting
  4363 | Sewer    | Your scales start taking on a fiery red colour.
  4363 | Sewer    | Reached XP level 7. HP: 55/55 MP: 11/11
  4363 | Sewer    | Gained mutation: Your flesh is heat resistant. (rF+) [Red
                  | Draconian growth]
  4419 | Sewer    | Found a white marble altar of Elyvilon.
  4914 | D:5      | Reached skill level 3 in Fighting
  6134 | D:6      | Noticed a wraith
  6143 | D:6      | Killed a wraith
  6144 | D:6      | Reached skill level 4 in Fighting
  6144 | D:6      | Reached XP level 8. HP: 59/67 MP: 12/14
  6290 | D:7      | Found a staircase to the Ecumenical Temple.
  6296 | Temple   | Entered the Ecumenical Temple
  6473 | Temple   | Became a worshipper of Ru the Awakened
  6487 | D:7      | Found a shimmering altar of Xom.
  6571 | D:7      | Noticed Prince Ribbit
  6576 | D:7      | Killed Prince Ribbit
  6577 | D:7      | Reached skill level 5 in Fighting
  6577 | D:7      | Reached skill level 5 in Spellcasting
  6683 | D:7      | Noticed a troll
  6689 | D:7      | Killed a troll
  6690 | D:7      | Reached skill level 6 in Fighting
  6964 | D:7      | Found a burning altar of Makhleb.
  7083 | D:7      | Noticed Joseph
  7098 | D:7      | Killed Joseph
  7099 | D:7      | Reached skill level 7 in Fighting
  7099 | D:7      | Reached XP level 9. HP: 21/79 MP: 13/18
  7440 | D:7      | Reached skill level 8 in Fighting
  7690 | D:7      | Learned a level 4 spell: Flame Wave
  7694 | D:8      | Found a flagged portal.
  7726 | Bailey   | Entered a bailey
  7775 | Bailey   | Gained mutation: You are missing an eye, making it more
                  | difficult to aim. [Ru sacrifice]
  7775 | Bailey   | Reached * piety under Ru
  8231 | Bailey   | Noticed an orc knight
  8231 | Bailey   | Noticed an orc knight
  8235 | Bailey   | Killed an orc knight
  8237 | Bailey   | Killed an orc knight
  8238 | Bailey   | Reached skill level 5 in Conjurations
  8238 | Bailey   | Reached XP level 10. HP: 58/90 MP: 21/21
  8338 | Bailey   | Reached XP level 11. HP: 95/95 MP: 22/22
  8423 | Bailey   | Reached skill level 9 in Fighting
  8769 | D:8      | Reached skill level 10 in Fire Magic
  8925 | D:8      | Found a shimmering blue altar of Sif Muna.
  8955 | D:8      | Noticed Maggie
  8968 | D:8      | Killed Maggie
  9203 | D:8      | Reached skill level 10 in Fighting
  9574 | D:8      | Found a glowing golden altar of the Shining One.
  9576 | D:8      | Noticed an angel
  9670 | D:8      | Found a basalt altar of Yredelemnul.
  9672 | D:8      | Noticed a profane servitor
  9680 | D:8      | Found a bloodstained altar of Trog.
 10057 | D:9      | Noticed a two-headed ogre
 10059 | D:9      | Reached skill level 1 in Evocations
 10151 | D:9      | Noticed Pikel
 10159 | D:9      | Killed Pikel
 10191 | D:8      | Gained mutation: You occasionally lose the ability to read
                  | scrolls when taking damage. [Ru sacrifice]
 10191 | D:8      | Gained mutation: You sometimes lose the ability to read
                  | scrolls when taking damage. [Ru sacrifice]
 10191 | D:8      | Reached ** piety under Ru
 10381 | D:9      | Reached skill level 11 in Fighting
 10766 | D:9      | Noticed a two-headed ogre
 10835 | D:9      | Found a snail-covered altar of Cheibriados.
 11087 | D:9      | Killed a two-headed ogre
 11088 | D:9      | Reached skill level 12 in Fighting
 11285 | D:9      | Killed a two-headed ogre
 11286 | D:9      | Reached skill level 5 in Dodging
 11286 | D:9      | Reached XP level 12. HP: 113/113 MP: 23/24
 11919 | D:9      | Found a hide-covered altar of Uskayaw.
 11919 | D:9      | Found a shadowy altar of Dithmenos.
 11933 | D:10     | Entered Level 10 of the Dungeon
 12211 | D:10     | Found an iron altar of Okawaru.
 12222 | D:10     | Reached skill level 13 in Fighting
 12239 | D:10     | Gained mutation: You are frail. (-10% HP) [Ru sacrifice]
 12239 | D:10     | Reached *** piety under Ru
 12239 | D:10     | Reached **** piety under Ru
 12736 | D:10     | Found an ornate altar of the Wu Jian Council.
 12959 | D:11     | Noticed Erolcha
 13155 | D:11     | Reached skill level 14 in Fighting
 13257 | D:11     | Noticed a boulder beetle
 13308 | D:10     | Killed a boulder beetle
 13736 | D:11     | Reached skill level 15 in Fighting
 13836 | D:11     | Found a staircase to the Lair.
 13871 | D:11     | Noticed a two-headed ogre
 13878 | D:11     | Killed a two-headed ogre
 14029 | D:11     | Noticed a two-headed ogre
 14038 | D:11     | Killed a two-headed ogre
 14136 | D:11     | Killed Erolcha
 15037 | Lair:1   | Entered Level 1 of the Lair of Beasts
 15084 | Lair:1   | Reached skill level 16 in Fighting
 15420 | Lair:1   | Reached XP level 13. HP: 106/114 MP: 25/25
 16004 | Lair:1   | Noticed Grum
 16018 | Lair:1   | Killed Grum
 16031 | Lair:1   | Gained mutation: You cannot study or use magical devices.
                  | [Ru sacrifice]
 16031 | Lair:1   | Reached ***** piety under Ru
 16559 | Lair:2   | Reached skill level 10 in Dodging
 16667 | Lair:2   | Found a hole to the Spider Nest.
 16736 | Lair:2   | HP: 5/111 [black mamba (14)]
 17080 | Lair:2   | Found a staircase to the Shoals.
 18183 | Lair:3   | Gained mutation: You are hated by all. [Ru sacrifice]
 18183 | Lair:3   | Reached ****** piety under Ru
 18895 | Lair:4   | Learned a level 5 spell: Arcjolt
 19090 | Lair:4   | Reached skill level 1 in Air Magic
 19910 | Lair:5   | Entered Level 5 of the Lair of Beasts
 19936 | Lair:5   | Reached XP level 14. HP: 103/114 MP: 27/27
 19959 | Lair:5   | Reached skill level 5 in Air Magic
 20423 | Lair:5   | Noticed Josephine
 20625 | Lair:4   | Reached skill level 17 in Fighting
 20730 | Lair:5   | Killed Josephine
 21840 | Lair:5   | Found a runed translucent door.
 21870 | Lair:5   | Reached skill level 10 in Spellcasting
 22091 | Lair:5   | Found a staircase to the Slime Pits.
 22245 | Lair:5   | Found a runed translucent gate.
 22247 | Lair:5   | Found a runed translucent gate.
 22247 | Lair:5   | Found a runed translucent gate.
 22260 | Lair:5   | Noticed Persimmon's ghost (journeyman DECj)
 22327 | Lair:5   | Noticed an acid blob
 22328 | Lair:5   | Noticed an acid blob
 22328 | Lair:5   | Noticed an azure jelly
 22329 | Lair:5   | Noticed a rockslime
 22329 | Lair:5   | Noticed an acid blob
 22330 | Lair:5   | Noticed an acid blob
 22330 | Lair:5   | Noticed an acid blob
 22334 | Lair:5   | Noticed an acid blob
 22737 | D:12     | Found Racisa's Armour Boutique.
 22737 | D:12     | Found a staircase to the Orcish Mines.
 22737 | D:12     | Found Wuidghan's Weapon Boutique.
 22930 | D:12     | Learned a level 5 spell: Freezing Cloud
 24196 | Orc:1    | Entered Level 1 of the Orcish Mines
 24740 | Orc:1    | Found a shimmering blue altar of Sif Muna.
 24962 | Orc:2    | Entered Level 2 of the Orcish Mines
 25035 | Orc:2    | Noticed Maurice
 25054 | Orc:2    | Killed Maurice
 25429 | Orc:2    | Found a staircase to the Elven Halls.
 26106 | Orc:2    | Reached XP level 15. HP: 117/132 MP: 19/29
 26609 | Orc:2    | Found Zaaph's Antique Armour Shop.
 26612 | Orc:2    | Found Lazxin's Antique Armour Boutique.
 26613 | Orc:2    | Found Bacog's Antique Weapon Shop.
 26614 | Orc:2    | Found Yttodwao's Book Shop.
 26986 | Orc:1    | Reached skill level 1 in Shields
 27255 | Orc:2    | Bought the +2 shield of Resistance {rF++ rC++ Will++} for
                  | 2185 gold pieces
 27255 | Orc:2    | Found the +2 shield of Resistance {rF++ rC++ Will++}
 28303 | D:13     | Reached skill level 5 in Shields
 28418 | D:13     | Found a gate to the Vaults.
 29026 | D:14     | Noticed Snorg
 29032 | D:14     | Killed Snorg
 29821 | D:14     | Found Qest's Distillery.
 29827 | D:14     | Bought a potion of curing for 42 gold pieces
 29827 | D:14     | Bought a potion of curing for 42 gold pieces
 29827 | D:14     | Identified a scroll of acquirement
 29831 | D:14     | Acquired the staff of fire "Owoa" {rF+ rN+++ rCorr Int-3
                  | Dex+8}
 30046 | D:14     | Found Jomont's Distillery.
 30256 | D:15     | Entered Level 15 of the Dungeon
 30382 | D:15     | Found a staircase to the Depths.
 31730 | D:15     | Reached skill level 10 in Shields
 31932 | D:15     | Identified the +6 long sword "Cytasm" {holy, rElec rC+
                  | rCorr Int+3}
 32229 | Shoals:1 | Entered Level 1 of the Shoals
 32657 | Shoals:1 | Reached XP level 16. HP: 121/130 MP: 30/30
 32931 | Shoals:1 | Noticed a kraken
 32972 | Shoals:1 | Killed a kraken
 35035 | Shoals:2 | Killed from afar by a water nymph

Illustrated notes

Levels and vault maps discovered:
D:1:      amcnicky_arrival_abandoned_market, layout_basic,
          chequers_serial_rivers_small_a
D:2:      layout_loops_cross
D:3:      layout_loops_cross, serial_shops, shop, chequers_serial_rivers_room_b,
          nrook_campfire, grunt_decor_junction, lemuel_flame_loot_1
D:4:      layout_basic, nemelex_spade_bored_becter, minmay_pentangle
D:5:      layout_cave_pods, mainiacjoe_overflow_concentric_impassable,
          gup_sewer_entry_bubbles, amcnicky_mini_rare_corridor_liquid,
          hangedman_abyss_or_decor_jellyfish_corner
D:6:      layout_loops_ring, serial_co_window_serial, co_window_corner_a,
          co_window_paths_b, co_window_paths_a, co_window_paths_a,
          co_window_paths_b, co_window_2corner, co_window_paths_c,
          co_window_2corner, co_window_of_opportunity_b, co_window_sun,
          co_window_paths_e, glass_columns_a, glass_columns_a, glass_columns_a,
          glass_columns_a
D:7:      layout_loops_ring, overflow_temple_1_default,
          mainiacjoe_overflow_alcove_2, minmay_temple_entry_offerings,
          nicolae_eternal_life, uniq_prince_ribbit1, uniq_joseph
D:8:      layout_basic, grunt_temple_overflow_holy_war, trog_butcher_becter,
          mainiacjoe_overflow_boulevard, enter_bailey_5,
          kennysheep_decorative_pillar, kennysheep_cross_room, uniq_maggie
D:9:      layout_layer_cave, gammafunk_temple_overflow_elements,
          lemuel_doored_altar, minmay_circle_x, uniq_pikel
D:10:     layout_roguey, okawaru_trees_1, nicolae_wu_jian_immortal_techniques
D:11:     layout_long_grid, dpeg_oklobed_lair, serial_undead, serial_undead_f,
          serial_undead_f, serial_undead_e, serial_undead_b, uniq_erolcha
D:12:     layout_basic, orc_david_3, serial_curves, eino_curves_02,
          eino_curves_03
D:13:     layout_cave_pools, ximxim_vaults_locker_room, serial_column_ruins,
          column_ruins_hut_pillars, column_ruins_open_tiny,
          column_ruins_columns_straight, column_ruins_grid_2,
          column_ruins_open_tiny, column_ruins_open_tiny, minmay_misc_feat_doors
D:14:     layout_loops_corners, nicolae_figureground_sparkle, serial_shops,
          nicolae_shop_industrial_runoff, shop, serial_aquarium,
          aquarium_bridge_straight [aquarium_subvault_bridge,
          aquarium_subvault_window, aquarium_subvault_bridge,
          aquarium_subvault_wall], aquarium_window_2, aquarium_window_fake,
          aquarium_window_corner, aquarium_view_2e, aquarium_view_2b, uniq_snorg
D:15:     gammafunk_depths_entry_grave, layout_loops_corners,
          nicolae_kite_square_tiling_tiny
Temple:   nicolae_temple_bog_church
Lair:1:   layout_gridlike, hibernation_bobbens, lemuel_fruit_tree,
          infiniplex_staircase_pool_2, uniq_grum
Lair:2:   layout_gridlike, minmay_shoals_entry_centaurs,
          nicolae_spider_entry_orb_guardian, grunt_megastairs_4
Lair:3:   lemuel_reptile_caves, layout_chaotic_city, grunt_megastairs_5
Lair:4:   layout_cave_pods, beast_lair_carwin_5
Lair:5:   minmay_lair_end_frog_pond, layout_regular_city, slime_entry_2,
          gammafunk_ghost_ooze, uniq_josephine
Shoals:1: layout_shoals, nicolae_shoals_nymph_descending_staircase
Shoals:2: layout_shoals, serial_shops, shop
Orc:1:    layout_diamond_mine, led_sif_book
Orc:2:    st_orc_pillars, layout_caves, uniq_maurice

Skill      XL: |  1  2  3  4  5  6  7  8  9 10 11 12 13 14 15 16 |
---------------+-------------------------------------------------+-----
Conjurations   | 2 3 5 11 12 14 | 14.9
Fire Magic     | 4 6 8 9 10 | 10.1
Fighting       | 2 4 7 8 12 16 17 | 17.0
Spellcasting   | 4 6 7 8 9 10 | 10.7
Dodging        | 5 8 10 | 10.1
Evocations     | 4 0 |  0.0
Air Magic      | 4 6 8 |  8.0
Shields        | 10 13 | 13.1
Stealth        | |  1.7

Action                     |  1- 3 |  4- 6 |  7- 9 | 10-12 | 13-15 | 16-18 || total
---------------------------+-------+-------+-------+-------+-------+-------++-------
  Melee: Unarmed           |    12 |       |       |       |       |       ||    12
         Tailslap          |     5 |     1 |       |     1 |    11 |       ||    18
         Dagger            |     7 |       |       |       |       |       ||     7
         Staff             |    13 |     8 |       |       |    57 |       ||    78
         Short sword       |       |       |       |    10 |       |       ||    10
   Cast: Foxfire           |    63 |    30 |    48 |   257 |   346 |    85 ||   829
         Scorch            |     1 |    33 |   127 |   187 |   421 |    64 ||   833
         Flame Wave        |       |       |       |    36 |    80 |    15 ||   131
         Arcjolt           |       |       |       |       |    91 |    13 ||   104
         Freezing Cloud    |       |       |       |       |    71 |     7 ||    78
 Invoke: Sacrifice an Eye  |       |       |     1 |       |       |       ||     1
         Sacrifice Words   |       |       |       |     1 |       |       ||     1
         Draw Out Power    |       |       |       |     1 |     3 |     1 ||     5
         Sacrifice Health  |       |       |       |     1 |       |       ||     1
         Apocalypse        |       |       |       |       |     6 |       ||     6
         Sacrifice Artific |       |       |       |       |     1 |       ||     1
         Sacrifice Love    |       |       |       |       |     1 |       ||     1
    Use: Potion            |     1 |       |     4 |     2 |     5 |       ||    12
         Scroll            |       |     9 |     7 |     1 |     9 |     3 ||    29
   Stab: Paralysed         |       |       |       |       |    11 |       ||    11
 Armour: Skin              |    17 |     7 |    28 |    54 |   153 |    24 ||   283
  Dodge: Dodged            |    29 |    20 |    46 |   153 |   358 |    51 ||   657
  Block: Kite shield       |       |       |       |       |   148 |    80 ||   228
